 Dungeon Crawl Stone Soup version 0.24.0-13-gcf9b319 (webtiles) character file.

Game seed: 3427021783212046852, levelgen mode: deterministic

52 Fang the Skirmisher (level 3, -3/36 HPs)
             Began as a Gargoyle Berserker on Dec 2, 2019.
             Was a Follower of Trog.
             Slain by a worm (7 damage)
             ... on level 2 of the Dungeon.
             The game lasted 00:00:43 (1289 turns).

Fang the Skirmisher (Gargoyle Berserker)            Turns: 1289, Time: 00:00:44

Health: -3/36      AC:  5    Str: 26    XL:     3   Next: 85%
Magic:  3/3        EV: 12    Int:  7    God:    Trog [*.....]
Gold:   33         SH:  0    Dex:  9    Spells: 2/2 levels left

rFire    . . .     SeeInvis .   a - +0 hand axe
rCold    . . .     Gourm    .   (no shield)
rNeg     + . .     Faith    .   b - +0 animal skin
rPois    ∞         Spirit   .   (no helmet)
rElec    +         Reflect  .   (no cloak)
rCorr    .         Harm     .   (no gloves)
MR       .....                  (no boots)
Stlth    ..........             (no amulet)
HPRegen  0.12/turn              (no ring)
MPRegen  0.08/turn              (no ring)

@: berserking, very quick
A: negative energy resistance 1, electricity resistance, unbreathing,
petrification resistance, rot immunity, AC +3
a: Berserk, Renounce Religion


You were on level 2 of the Dungeon.
You worshipped Trog.
Trog was aware of your devotion.
You were very hungry.

You visited 1 branch of the dungeon, and saw 2 of its levels.

You collected 33 gold pieces.

Inventory:

Hand Weapons
 a - a +0 hand axe (weapon)
Armour
 b - a +0 animal skin (worn)
Scrolls
 f - 3 scrolls of teleportation {unknown}
 i - a scroll of enchant armour {unknown}
 j - a scroll of magic mapping {unknown}
 l - a scroll of random uselessness {unknown}
 m - 2 scrolls of remove curse {unknown}
 n - a scroll of blinking {unknown}
 o - a scroll of identify {unknown}
Potions
 d - a potion of agility {unknown}
 e - a potion of curing {unknown}
 h - a potion of cancellation {unknown}
 k - a potion of haste {unknown}
Comestibles
 c - 4 rations
 g - 2 chunks of flesh


   Skills:
 + Level 3.8 Fighting
 + Level 3.1 Axes
 + Level 2.9 Armour
 + Level 2.1 Dodging


You had 2 spell levels left.
You didn't know any spells.
Your spell library was empty.

Dungeon Overview and Level Annotations

Branches:
Dungeon (2/15)

Altars:


Innate Abilities, Weirdness & Mutations

You are resistant to torment.
Your stone body is resilient. (AC +3)
You are immune to poison.
You resist negative energy. (rN+)
You are resistant to electric shocks. (rElec)
You can survive without breathing.
You are immune to petrification.
You are immune to rotting.


Message History

You are feeling very hungry.
The leopard gecko misses you.
You slash the worm!
The worm is severely wounded.
You slash the leopard gecko!
You kill the leopard gecko!
Trog accepts your kill. The worm bites you!
* * * LOW HITPOINT WARNING * * *
You completely miss the worm.
The worm is severely wounded.
You completely miss the worm.
The worm is severely wounded.
The worm misses you.
You barely miss the worm.
The worm is severely wounded.
You hit the worm.
The worm is severely wounded.
The worm bites you!
You die...

#........ #........
#######........
...............
.............
#<.......$..
#..†w....... #...@#
#....# ###..>†####
...........#
####...#.#.#
.^....#...#
####....##..####.##
#÷<#....##.........
#.##.........###.##


You could see a worm.

Vanquished Creatures
  Natasha (D:2)
  A dart slug (D:1)
  4 leopard geckos
  A giant cockroach (D:2)
  3 goblins
  A hobgoblin (D:1)
  A quokka (D:2)
  A ball python (D:2)
  4 bats
  3 frilled lizards (D:1)
  A kobold (D:1)
  2 rats (D:1)
23 creatures vanquished.

Notes
Turn   | Place    | Note
-------+----------+-------------------------------------------
     0 | D:1      | Fang the Gargoyle Berserker began the quest for the Orb.
     0 | D:1      | Reached XP level 1. HP: 14/14 MP: 1/1
   366 | D:1      | Reached XP level 2. HP: 11/19 MP: 2/2
   950 | D:2      | Noticed Natasha
   958 | D:2      | Killed Natasha
   958 | D:2      | Reached XP level 3. HP: 10/24 MP: 3/3
  1289 | D:2      | Slain by a worm

Levels and vault maps discovered:
D:1:      dpeg_arrival_arbitrary_a, layout_rooms
D:2:      layout_basic, st_stairs_13, interstate_on_off, uniq_natasha

Skill      XL: |  1  2 |
---------------+-------+-----
Axes           | 3 |  3.1
Dodging        | 2 |  2.1
Fighting       | |  3.8
Armour         | |  2.9

Action                   || total
-------------------------++-------
Melee: Hand axe          ||    90
Invok: Berserk           ||     2
  Eat: Chunk             ||     2
Armor: Animal skin       ||    27
Dodge: Dodged            ||    76
